[Event "*** SCC Grand Prix: Titled Tuesday Blitz"]
[Site "Chess.com"]
[Date "2020.10.13"]
[Round "5"]
[White "Guenplen"]
[Black "frederiksvane"]
[Result "1-0"]
[WhiteElo "2864"]
[BlackElo "2690"]
[TimeControl "180+1"]
[EndTime "10:55:36 PDT"]
[Termination "Guenplen won by resignation"]

1. d4 Nf6 2. Bf4 b6 3. e3 Bb7 4. Nf3 Nh5 5. Bg3 Nxg3 6. hxg3 g6 7. c4 Bg7 8. Nc3 d6 9. Bd3 Nd7 10. Be4 c6 11. Qe2 e6 12. Bd3 d5 13. Rd1 Qe7 14. cxd5 cxd5 15. Ba6 Bxa6 16. Qxa6 O-O 17. O-O Nb8 18.
Qb5 Qd7 19. Rc1 Rc8 20. Qxd7 Nxd7 21. Nb5 Bf8 22. Nc7 Rab8 23. Na6 Ra8 24. Ne5 Nxe5 25. dxe5 Be7 26. f4 h5 27. Kf2 Kf8 28. Ke2 Bd8 29.
Kd3 Ke8 30. b4 Kd7 31. b5 Be7 32. a4 Rxc1 33. Rxc1 Rc8 34. Rxc8 Kxc8 35. e4 Bc5 36. exd5 exd5 37. Ke2 Be7 38. Kf3 Bc5 39. g4 hxg4+ 40. Kxg4 d4 41. Kf3 d3 42. Nxc5 bxc5 43. Ke3 c4 44. a5 Kd7 45. g4 1-0

[Event "*** SCC Grand Prix: Titled Tuesday Blitz"]
[Site "Chess.com"]
[Date "2020.10.13"]
[Round "5"]
[White "JosefineHeinemann"]
[Black "Susal_De_Silva"]
[Result "0-1"]
[WhiteElo "2616"]
[BlackElo "2461"]
[TimeControl "180+1"]
[EndTime "10:55:37 PDT"]
[Termination "Susal_De_Silva won by resignation"]

1. e4 e5 2. Nf3 Nc6 3. Bb5 a6 4. Ba4 Nf6 5. O-O Be7 6. Re1 b5 7. Bb3 d6 8. c3 O-O 9. h3 Na5 10. Bc2 c5 11. d4 Nd7 12. a4 b4 13. cxb4 cxb4 14. Bd2 Rb8 15. Bd3 exd4 16. Nxd4 Bf6 17. Be3 Nc5 18. f3 Bxd4 19. Bxd4 Ncb3 20. Be3 Nxa1 21. Nd2 N1b3 22. Nxb3 Nxb3 23. Qxb3 Be6 24. Qd1 Qc7 25. Qd2 a5 26. Bd4 f6 27. Rc1 Qe7 28.
f4 Rfc8 29. Re1 Bc4 30. Bc2 Qc7 31. Bd1 Be6 32. Qf2 Qc4 33. Be2 Qc2 34. Qg3 Kh8 35. Bd3 Qd2 36. Rf1 Rc1 37. Rxc1 Qxc1+ 38. Kh2 Bc4 39. Be3 Qxb2 40. Bxc4 Qc3 41. Bd5 b3 42. f5 b2 43. Qxd6 b1=Q 0-1

[Event "*** SCC Grand Prix: Titled Tuesday Blitz"]
[Site "Chess.com"]
[Date "2020.10.13"]
[Round "5"]
[White "TomiLen"]
[Black "Das_Virus_2020"]
[Result "1-0"]
[WhiteElo "2592"]
[BlackElo "2397"]
[TimeControl "180+1"]
[EndTime "10:55:37 PDT"]
[Termination "TomiLen won by resignation"]

1. d4 Nf6 2. c4 c5 3. d5 b5 4.
Qc2 e6 5. e4 bxc4 6. Bxc4 exd5 7. exd5 d6 8. Nc3 Be7 9. Nge2 O-O 10. O-O Nbd7 11. h3 Nb6 12. b3 Rb8 13. Bf4 Nxc4 14. bxc4 Rb4 15. Nb5 Nxd5 16. Bd2 Rxb5 17. cxb5 Bf6 18.
Rad1 Be6 19. Nf4 Nc7 20. Ba5 Qd7 21. a4 Bg5 22. Bd2 Bf5 23. Qc1 Bf6 24. Rfe1 Ne6 25. Nd5 Bd4 26. Bc3 h6 27. Bxd4 cxd4 28. Qc6 Qd8 29. Nb4 Qg5 30. Kf1 Nf4 31. Qf3 Rc8 32. Rxd4 Ne6 33. Rxd6 Rc4 34. Rd5 Rxb4 35. Rxf5 Qe7 36.
a5 Rxb5 37. Rxb5 1-0

[Event "*** SCC Grand Prix: Titled Tuesday Blitz"]
[Site "Chess.com"]
[Date "2020.10.13"]
[Round "5"]
[White "salomez"]
[Black "JoliyRoger"]
[Result "1-0"]
[WhiteElo "2167"]
[BlackElo "2419"]
[TimeControl "180+1"]
[EndTime "10:55:37 PDT"]
[Termination "salomez won on time"]

1. e4 c6 2. d4 d5 3. e5 Bf5 4.
Nf3 e6 5. Be2 Nd7 6. O-O Be7 7.
Nbd2 Bg6 8. Nb3 Nh6 9. Bxh6 gxh6 10. Qd2 Bf8 11. c4 Bg7 12. cxd5 cxd5 13. g3 O-O 14. Rac1 Qb6 15. Nc5 Rfd8 16. Na4 Qc6 17.
Rxc6 bxc6 18. Rc1 Rdc8 19. Ba6 Rc7 20. Qa5 Nb6 21. Nxb6 axb6 22. Qxb6 Rca7 23. Rxc6 Bf8 24. Bb7 Be4 25. Bxa8 Rxa2 26. Kg2 Rxa8 27. Qb7 Ra1 28. Rc8 Kg7 29. Qb8 1-0

[Event "*** SCC Grand Prix: Titled Tuesday Blitz"]
[Site "Chess.com"]
[Date "2020.10.13"]
[Round "5"]
[White "ChessWarrior7197"]
[Black "emiliocordova"]
[Result "1-0"]
[WhiteElo "3032"]
[BlackElo "2827"]
[TimeControl "180+1"]
[EndTime "10:55:41 PDT"]
[Termination "ChessWarrior7197 won by resignation"]

1. e4 c5 2. Nf3 Nc6 3. Bb5 e6 4. O-O Nge7 5. d4 cxd4 6. Nxd4 Ng6 7. Nc3 Be7 8. Be3 O-O 9. Bxc6 dxc6 10. a4 Re8 11. Qe2 Bf8 12. Rfd1 Qh4 13. g3 Qh3 14. Qf1 Qxf1+ 15. Kxf1 e5 16. Nf5 h5 17. h3 Ne7 18.
g4 Nxf5 19. exf5 b6 20. a5 Ba6+ 21. Kg2 c5 22. f3 b5 23. Rd7 b4 24. Ne4 Bb5 25.
Rc7 Rec8 26. Rxc8 Rxc8 27. Rd1 a6 28. g5 c4 29. Rd5 c3 30. b3 Bc6 31. Rxe5 Rd8 32.
Nf2 Bd6 33. Bb6 Bxe5 34. Bxd8 Bd7 35. Be7 Bxf5 36. Ne4 Be6 37. Bxb4 Bxb3 38. cxb3 c2 39. Bd2 Bb2 40. Nc5 Bc3 41. Bc1 Bxa5 42. Nxa6 1-0

[Event "*** SCC Grand Prix: Titled Tuesday Blitz"]
[Site "Chess.com"]
[Date "2020.10.13"]
[Round "5"]
[White "Gusarov91"]
[Black "AttilaTurzo"]
[Result "1/2-1/2"]
[WhiteElo "2574"]
[BlackElo "2396"]
[TimeControl "180+1"]
[EndTime "10:55:41 PDT"]
[Termination "Game drawn by repetition"]

1. d4 d5 2. Nf3 c6 3. c4 Nf6 4.
Nc3 a6 5. c5 g6 6. Qb3 Bg7 7. Bf4 O-O 8. h3 Nbd7 9. e3 Re8 10. Ne5 Nxe5 11. Bxe5 Nd7 12. Bxg7 Kxg7 13. O-O-O e5 14. Bd3 Qc7 15. g3 Nf6 16. f4 exd4 17. exd4 Ne4 18. Bxe4 dxe4 19. Rhe1 Bxh3 20. Rxe4 Be6 21.
Qb6 Qd7 22. Re5 f6 23. Ree1 Bg4 24. Rxe8 Rxe8 25. Rd2 Re1+ 26. Kc2 Bf5+ 27. Kb3 Re3 28.
a4 Rxg3 29. Ka2 Be6+ 30. d5 Bxd5+ 31. Nxd5 cxd5 32. b3 d4 33. c6 Qxc6 34. Qxc6 bxc6 35. Rxd4 h5 36. Rd6 h4 37. Rxc6 h3 38. Rxa6 Rg4 39.
Ra7+ Kg8 40. Ra8+ Kg7 41. Ra7+ Kh6 42. Ra8 Kg7 43. Ra7+ 1/2-1/2

[Event "*** SCC Grand Prix: Titled Tuesday Blitz"]
[Site "Chess.com"]
[Date "2020.10.13"]
[Round "5"]
[White "Aguiar94"]
[Black "Anton_Demchenko"]
[Result "0-1"]
[WhiteElo "2589"]
[BlackElo "2808"]
[TimeControl "180+1"]
[EndTime "10:55:42 PDT"]
[Termination "Anton_Demchenko won on time"]

1. e4 c5 2. Nf3 d6 3. d4 cxd4 4. Qxd4 Nc6 5. Bb5 a6 6. Bxc6+ bxc6 7. Nc3 e5 8. Qd3 Ne7 9. Bg5 f6 10. Bh4 Be6 11. O-O-O Ng6 12. Bg3 Qa5 13. Kb1 Be7 14. h4 h5 15. Nd2 Rb8 16. b3 Kf7 17. Nc4 Qc5 18. Ne3 Rhd8 19. Ka1 a5 20. Na4 Qa7 21. c4 Rb4 22. Qe2 Rh8 23. Rd2 Rxa4 24. bxa4 Qc5 25. Rb1 Bc8 26. Qd3 Rd8 27. Qe2 Nf4 0-1

[Event "*** SCC Grand Prix: Titled Tuesday Blitz"]
[Site "Chess.com"]
[Date "2020.10.13"]
[Round "5"]
[White "ClydeHillKid"]
[Black "WuinaterJr"]
[Result "0-1"]
[WhiteElo "2319"]
[BlackElo "2532"]
[TimeControl "180+1"]
[EndTime "10:55:42 PDT"]
[Termination "WuinaterJr won on time"]

1. e4 c5 2. Nf3 d6 3. d4 cxd4 4. Nxd4 Nf6 5. Nc3 a6 6. Bd3 e5 7. Nde2 Be7 8. O-O O-O 9. Ng3 b5 10. h3 Be6 11. Nd5 Bxd5 12. exd5 g6 13. c4 bxc4 14.
Bxc4 Nbd7 15. Be3 Nb6 16. b3 Nxc4 17. bxc4 Qa5 18. Qd3 Rab8 19. f4 Nd7 20. f5 Rb2 21.
Ne4 Rfb8 22. Rf3 Rxa2 23. Rxa2 Qxa2 24. Rf2 Qb1+ 25. Qxb1 Rxb1+ 26. Kh2 Rb4 27. fxg6 hxg6 28. Rc2 f5 29. Bg5 Kf7 30. Bxe7 Kxe7 31. Ng5 Nb6 32. c5 Nxd5 33. c6 Nc7 34. g4 fxg4 35. hxg4 Rxg4 36.
Nf3 a5 37. Kh3 Rf4 38. Kg3 a4 39. Nd2 a3 40. Nb3 Ra4 41. Ra2 Ra6 0-1

[Event "*** SCC Grand Prix: Titled Tuesday Blitz"]
[Site "Chess.com"]
[Date "2020.10.13"]
[Round "5"]
[White "MariaFominykh"]
[Black "GameOverBro"]
[Result "0-1"]
[WhiteElo "2312"]
[BlackElo "2531"]
[TimeControl "180+1"]
[EndTime "10:55:42 PDT"]
[Termination "GameOverBro won on time"]

1. Nf3 d6 2. d4 Nf6 3. c4 Nbd7 4. Nc3 e5 5. e4 c6 6. h3 Be7 7. Be3 O-O 8. Be2 a5 9. O-O a4 10. Qc2 Qa5 11. d5 cxd5 12. cxd5 Nc5 13. Nd2 Bd7 14.
Nc4 Qc7 15. Bxc5 Qxc5 16. a3 Rfc8 17. Ne3 b5 18. Qd3 b4 19. axb4 Qxb4 20. Rfb1 Bd8 21. Nc2 Qb7 22. Na3 Bb6 23. Nab5 Bc5 24. Kf1 Rcb8 25. Na3 Qa7 26. Qf3 Rb3 27. Bd1 Rb4 28. Bc2 Rab8 29. Nd1 Bd4 30. Ra2 h6 31. Qe2 Bc8 32.
Bd3 Rb3 33. Bc4 R3b4 34. Nc2 Rxc4 35. Kg1 Ba6 36. Qd2 Rbc8 37. Nce3 Bxe3 38. Nxe3 Nxe4 39. Qa5 Rc1+ 0-1

[Event "*** SCC Grand Prix: Titled Tuesday Blitz"]
[Site "Chess.com"]
[Date "2020.10.13"]
[Round "5"]
[White "Sergienko_Sergey"]
[Black "CaspiIsrael"]
[Result "0-1"]
[WhiteElo "2397"]
[BlackElo "2591"]
[TimeControl "180+1"]
[EndTime "10:55:43 PDT"]
[Termination "CaspiIsrael won by resignation"]

1. e4 d5 2. exd5 Qxd5 3. Nc3 Qd6 4.
d4 Nf6 5. Bc4 a6 6. Nf3 b5 7. Bb3 e6 8. O-O c5 9. dxc5 Qxd1 10.
Rxd1 Bxc5 11. Bg5 Bb7 12. Nd4 Nbd7 13. h3 h6 14. Be3 Ke7 15. Re1 Rhd8 16. Rad1 Rac8 17.
Nf5+ Kf8 18. Nd6 Bxd6 19. Rxd6 Ne8 20. Rd2 Ndf6 21. Red1 Rxd2 22. Rxd2 Ne4 23. Nxe4 Bxe4 24. c3 Ke7 25. f3 Bb7 26. Kf2 Nf6 27. Bd4 g5 28. a3 Nd5 29. Bxd5 Bxd5 30. b4 Rg8 31.
Bc5+ Kd7 32. Ke3 f6 33. Kf2 h5 34. Ke3 g4 35. hxg4 hxg4 36. f4 g3 37. Bd4 Ke7 38. Bc5+ Kf7 39. Bd6 Kg6 40. Bc5 Kf5 41. Be7 Rg7 42. Bc5 Rg4 43. Re2 Rxf4 44. Kd2 e5 0-1

[Event "*** SCC Grand Prix: Titled Tuesday Blitz"]
[Site "Chess.com"]
[Date "2020.10.13"]
[Round "5"]
[White "TigrVShlyape"]
[Black "Kildepiotr"]
[Result "1-0"]
[WhiteElo "2849"]
[BlackElo "2659"]
[TimeControl "180+1"]
[EndTime "10:55:44 PDT"]
[Termination "TigrVShlyape won by resignation"]

1. d4 c5 2. d5 e5 3. e4 d6 4. Nc3 Be7 5. a4 Bg5 6. Bb5+ Nd7 7. Qg4 Bxc1 8. Rxc1 Nf6 9. Qe2 O-O 10. Nf3 a6 11. Bd3 Nh5 12. g3 Nhf6 13. Nd2 Qc7 14. Nc4 Nb6 15. Ne3 c4 16. Bxc4 Nxc4 17. Qxc4 Qb6 18.
Rb1 Bh3 19. Qd3 Rac8 20. f3 h5 21. Ke2 Qb4 22. Rhc1 Nd7 23. Qd2 Nc5 24. Ncd1 Qxa4 25. b4 f5 26. bxc5 fxe4 27. Qb4 exf3+ 28. Kf2 Qxb4 29.
Rxb4 Rxc5 30. Rxb7 Ra8 31. Rcb1 a5 32. Rb8+ Rxb8 33. Rxb8+ Kf7 34. c4 Bd7 35. Nc3 Rc7 36.
Ne4 Ke7 37. c5 Ra7 38. c6 Bh3 39. Rb7+ 1-0

[Event "*** SCC Grand Prix: Titled Tuesday Blitz"]
[Site "Chess.com"]
[Date "2020.10.13"]
[Round "5"]
[White "Ginger_GM"]
[Black "GrigorGrigorov"]
[Result "1-0"]
[WhiteElo "2608"]
[BlackElo "2797"]
[TimeControl "180+1"]
[EndTime "10:55:44 PDT"]
[Termination "Ginger_GM won on time"]

1. d4 Nf6 2. Nf3 e6 3. Bg5 d5 4. Nbd2 h6 5. Bh4 Nbd7 6. e3 c5 7. c3 Bd6 8. Bd3 O-O 9. O-O b6 10.
e4 dxe4 11. Nxe4 Be7 12. Bg3 Bb7 13. Nd6 Bd5 14. Qe2 Nh5 15. Ne4 f5 16. Ned2 f4 17. Ne5 Nxe5 18. Qxe5 g5 19. c4 fxg3 20. hxg3 Bf6 21.
Qe2 Ng7 22. cxd5 exd5 23. dxc5 bxc5 24. Rad1 Qb6 25. b3 Rae8 26. Qg4 Bd4 27. Qh3 1-0

[Event "*** SCC Grand Prix: Titled Tuesday Blitz"]
[Site "Chess.com"]
[Date "2020.10.13"]
[Round "5"]
[White "FloMasterAAK"]
[Black "baki83"]
[Result "0-1"]
[WhiteElo "2546"]
[BlackElo "2753"]
[TimeControl "180+1"]
[EndTime "10:55:44 PDT"]
[Termination "baki83 won on time"]

1. e4 e5 2. Nf3 Nc6 3. Bc4 Nf6 4.
Ng5 d5 5. exd5 b5 6. Bb3 Nd4 7. O-O Nxb3 8. axb3 Qxd5 9. Nc3 Qc6 10. d4 Bb7 11.
Nf3 O-O-O 12. d5 Nxd5 13. Nxe5 Qe6 14. Nd3 a6 15. Nxd5 Qxd5 16. Qg4+ f5 17. Qh3 Bd6 18. Bg5 Rde8 19. Rad1 Kb8 20. Bf4 Bxf4 21. Nxf4 Qc6 22. c3 g5 23. Nd3 g4 24. Qg3 h5 25. Nb4 Qe4 26. Rd4 Qe5 27. Qd3 h4 28. c4 h3 29. g3 c5 30. cxb5 Qxd4 31. Qxd4 cxd4 32. bxa6 Bf3 33. Ra1 Ka7 34. Nc2 Re4 35. Nxd4 Rxd4 0-1

[Event "*** SCC Grand Prix: Titled Tuesday Blitz"]
[Site "Chess.com"]
[Date "2020.10.13"]
[Round "5"]
[White "Misticpikachu"]
[Black "canary2016"]
[Result "1-0"]
[WhiteElo "2306"]
[BlackElo "1963"]
[TimeControl "180+1"]
[EndTime "10:55:44 PDT"]
[Termination "Misticpikachu won by checkmate"]

1. c4 c6 2. Nf3 d5 3. e3 Nf6 4. Nc3 e6 5. b3 Be7 6. Bb2 O-O 7. Qc2 Nbd7 8. Be2 e5 9. cxd5 cxd5 10. O-O e4 11. Nd4 Nc5 12. d3 exd3 13. Bxd3 Nxd3 14. Qxd3 Be6 15. Rac1 Rc8 16. Nce2 Ne4 17. Ng3 Nxg3 18. hxg3 Bf6 19. Rxc8 Qxc8 20. Rc1 Qd7 21. Nxe6 fxe6 22. Bxf6 Rxf6 23. Qd4 b6 24. Qe5 Rf5 25. Rc7 Rxe5 26. Rxd7 Re4 27. Rxa7 Rb4 28. Kf1 h6 29. Ke2 Kh7 30. Ra6 Kg6 31. Kd3 e5 32. Kc3 Rb5 33. a4 Rc5+ 34. Kb4 Rc2 35. Rxb6+ Kf5 36. a5 Rxf2 37. a6 Rxg2 38. Rb5 Rc2 39. a7 Rc8 40. Rb8 Rc2 41. a8=Q Re2 42. Qxd5 Rxe3 43. Rf8+ Kg6 44. Qe6+ Kh7 45. Rf5 Re4+ 46. Ka3 Rg4 47. Rxe5 Rg6 48. Qxg6+ Kxg6 49. b4 Kf6 50. Re1 Kg5 51. b5 Kg4 52. b6 Kxg3 53. b7 g5 54. b8=Q+ Kh4 55. Qh2+ Kg4 56.
Qf2 h5 57. Rg1+ Kh3 58. Qg3# 1-0

[Event "*** SCC Grand Prix: Titled Tuesday Blitz"]
[Site "Chess.com"]
[Date "2020.10.13"]
[Round "5"]
[White "Sankalp_Gupta2003"]
[Black "AIROPITO7"]
[Result "1/2-1/2"]
[WhiteElo "2731"]
[BlackElo "2555"]
[TimeControl "180+1"]
[EndTime "10:55:45 PDT"]
[Termination "Game drawn by repetition"]

1. e4 e5 2. Nf3 Nc6 3. Bb5 a6 4. Ba4 Nge7 5. c3 g6 6. d4 exd4 7. cxd4 b5 8. Bb3 Bg7 9. O-O O-O 10.
Nc3 d6 11. h3 Na5 12. Bc2 c5 13. Bg5 h6 14. Bh4 g5 15. Bg3 Nac6 16. dxc5 dxc5 17. e5 Bf5 18. Ne4 Nb4 19. Bb1 Qxd1 20. Rxd1 Rad8 21. Rc1 c4 22. Nf6+ Kh8 23. a4 Bxb1 24.
Raxb1 Nf5 25. Bh2 Nd4 26. Nxd4 Rxd4 27. axb5 axb5 28. b3 Na2 29. Rc2 Nb4 30. Rcc1 Na2 31. Rc2 Nb4 32. Rc3 Na2 33. Rc2 1/2-1/2

[Event "*** SCC Grand Prix: Titled Tuesday Blitz"]
[Site "Chess.com"]
[Date "2020.10.13"]
[Round "5"]
[White "swimmerchess"]
[Black "Azerichess"]
[Result "0-1"]
[WhiteElo "2774"]
[BlackElo "2952"]
[TimeControl "180+1"]
[EndTime "10:55:46 PDT"]
[Termination "Azerichess won by resignation"]

1. e4 c6 2. d4 d5 3. e5 Bf5 4. c4 dxc4 5. Bxc4 e6 6. Nc3 a6 7.
Nge2 h6 8. O-O Ne7 9. Ng3 Bh7 10. Be3 Nd5 11. Qe2 Nd7 12. Rad1 Be7 13. f4 N7b6 14.
Bb3 O-O 15. Bc1 c5 16. f5 cxd4 17. Nce4 Nd7 18. Bxd5 exd5 19. Nf2 Re8 20. Ng4 Bg5 21. Bxg5 Qxg5 22. Rxd4 Rad8 23. Rxd5 h5 24. Nf2 Bxf5 25. Nxf5 Qxf5 26. Ne4 Qe6 27. Rfd1 Nf8 28. Rxd8 Rxd8 29. Rxd8 Qb6+ 30. Qf2 Qxd8 31. Nd6 Qe7 32. Qb6 Qxe5 33. h3 Qe1+ 34. Kh2 Qe5+ 35. Kg1 Ne6 36. Nxb7 Nd4 37.
Qd6 Qe3+ 38. Kh2 Ne2 39. Qd1 Qe5+ 40. Kh1 Qxb2 41. Qd8+ Kh7 42. Qd3+ g6 43. Kh2 Qe5+ 44. Kh1 Qa1+ 0-1

[Event "*** SCC Grand Prix: Titled Tuesday Blitz"]
[Site "Chess.com"]
[Date "2020.10.13"]
[Round "5"]
[White "vaishali2001"]
[Black "Cayse"]
[Result "1-0"]
[WhiteElo "2575"]
[BlackElo "2710"]
[TimeControl "180+1"]
[EndTime "10:55:46 PDT"]
[Termination "vaishali2001 won by resignation"]

1. d4 Nf6 2. Bf4 e6 3. e3 b6 4. Qf3 d5 5. Nc3 Bb4 6. Ne2 Bb7 7. a3 Be7 8. g4 c5 9. g5 Ne4 10. Nxe4 dxe4 11. Qg3 Nc6 12. O-O-O O-O 13. Bg2 Na5 14.
dxc5 Qc8 15. Bd6 Bxd6 16. cxd6 Nb3+ 17. Kb1 Nc5 18. Nf4 Nd7 19. h4 b5 20. h5 Nc5 21.
Bh3 Qe8 22. g6 fxg6 23. hxg6 h6 24. b4 Rxf4 25. Qxf4 Na4 26. d7 Nc3+ 27. Ka1 Qd8 28. Qf7+ Kh8 29. Bxe6 a5 30. Rxh6+ 1-0

[Event "*** SCC Grand Prix: Titled Tuesday Blitz"]
[Site "Chess.com"]
[Date "2020.10.13"]
[Round "5"]
[White "nitpicker"]
[Black "IvanSoriano1"]
[Result "0-1"]
[WhiteElo "2287"]
[BlackElo "2507"]
[TimeControl "180+1"]
[EndTime "10:55:46 PDT"]
[Termination "IvanSoriano1 won on time"]

1. d4 Nf6 2. c4 e6 3. g3 d5 4.
Nf3 Be7 5. Bg2 O-O 6. O-O dxc4 7. Ne5 Qd6 8. Na3 Qa6 9. Naxc4 Rd8 10. Qb3 c6 11.
Rd1 Nbd7 12. e3 Nb6 13. Bf1 Nxc4 14. Nxc4 b5 15. Ne5 Qb6 16. Bg2 Bb7 17. Bd2 a6 18. Nd3 Nd5 19. a4 Rdc8 20. a5 Qa7 21. Rac1 c5 22. dxc5 Bxc5 23. Nxc5 Rxc5 24. e4 Rxc1 25.
Bxc1 Nf6 26. Be3 Qb8 27. Bb6 Qe8 28. Qe3 Rc8 29. h3 h6 30. Rd2 Qc6 31. f3 Qc1+ 32. Kh2 Qc4 33. Qd4 Qc6 34. Qd6 Qxd6 35. Rxd6 Rc2 36. Bd4 Nxe4 37. Rd8+ Kh7 38. g4 Ng5 0-1

[Event "*** SCC Grand Prix: Titled Tuesday Blitz"]
[Site "Chess.com"]
[Date "2020.10.13"]
[Round "5"]
[White "PetrolulSah"]
[Black "annacramling"]
[Result "0-1"]
[WhiteElo "2156"]
[BlackElo "1993"]
[TimeControl "180+1"]
[EndTime "10:55:46 PDT"]
[Termination "annacramling won by checkmate"]

1. d4 Nf6 2. c4 e6 3. g3 Bb4+ 4. Bd2 Be7 5. Bg2 d5 6. Nf3 c6 7. O-O Nbd7 8. Nc3 O-O 9. b3 Re8 10. Qc2 Bd6 11. e4 dxe4 12. Nxe4 Nxe4 13. Qxe4 e5 14.
Rfe1 Nf6 15. Qh4 exd4 16. Rxe8+ Qxe8 17. Re1 Qd8 18. Nxd4 Bc5 19. Bc3 Be6 20. Nxe6 fxe6 21. Rxe6 Qd1+ 22. Re1 Qc2 23. Bd4 Qd2 24. Bxc5 Qxe1+ 25. Bf1 Ne4 26. Be3 Re8 27. Kg2 Nd2 28. Bd3 g6 29. Qf6 Rf8 30. Qe6+ Kg7 31. Qe5+ Kg8 32. Qe6+ Kg7 33. Qd7+ Rf7 34. Qd4+ Kg8 35. Bxg6 Rxf2+ 36. Bxf2 Qf1# 0-1

[Event "*** SCC Grand Prix: Titled Tuesday Blitz"]
[Site "Chess.com"]
[Date "2020.10.13"]
[Round "5"]
[White "AlexTriapishko"]
[Black "SamuelGhimpu2003"]
[Result "1-0"]
[WhiteElo "2799"]
[BlackElo "2572"]
[TimeControl "180+1"]
[EndTime "10:55:47 PDT"]
[Termination "AlexTriapishko won by resignation"]

1. Nf3 Nf6 2. g3 g6 3. b3 Bg7 4. Bb2 O-O 5. Bg2 c5 6. O-O Nc6 7. d4 cxd4 8. Nxd4 Nxd4 9. Bxd4 d6 10. c4 Qc7 11. Nc3 Bd7 12. Bxf6 exf6 13. Rc1 Rfe8 14. e3 f5 15. Nd5 Qa5 16. b4 Qd8 17. Qb3 a5 18. b5 h5 19. b6 a4 20. Qb4 Rb8 21.
Nc7 Re7 22. Qxd6 Be5 23. Qb4 Qf8 24. Rfd1 h4 25. Nd5 Re6 26. Qxf8+ Kxf8 27. c5 hxg3 28. hxg3 Bc6 29. Nb4 Bb5 30. Bf1 Be8 31. Bc4 Re7 32. Nd5 Re6 33. Nc7 Rf6 34. Nxe8 Rxe8 35. Rd7 Rc8 36. Bd5 Bd6 37. c6 bxc6 38. b7 Rb8 39. Rxc6 Rxb7 1-0

[Event "*** SCC Grand Prix: Titled Tuesday Blitz"]
[Site "Chess.com"]
[Date "2020.10.13"]
[Round "5"]
[White "katchesskat"]
[Black "Sergey85Rodchenkov"]
[Result "0-1"]
[WhiteElo "2250"]
[BlackElo "2450"]
[TimeControl "180+1"]
[EndTime "10:55:48 PDT"]
[Termination "Sergey85Rodchenkov won on time"]

1. c4 Nf6 2. Nf3 b6 3. e3 Bb7 4.
Be2 e6 5. a3 d5 6. Qc2 Bd6 7.
h4 c5 8. d3 Nbd7 9. Nbd2 Rc8 10. b3 O-O 11. Bb2 Re8 12. Ng5 Nf8 13. Bf3 e5 14.
cxd5 Nxd5 15. Nc4 Bb8 16. O-O-O h6 17. Ne4 b5 18. Ncd2 a5 19. Kb1 Ba7 20. g4 a4 21.
bxa4 bxa4 22. g5 Qb6 23. gxh6 Qxh6 24. Ng5 Rb8 25. Ka1 Nf6 26. Qc4 Ne6 27. Rhg1 Bxf3 28. Ndxf3 Rxb2 29. Kxb2 Bb8 30. Nxf7 Kxf7 31. Ng5+ Kg8 32.
Nxe6 Kh8 33. Nxg7 Rf8 34. Ne6 Rc8 35. Ng5 Qh5 36. Nf7+ Kh7 37. Rg5 Qxd1 0-1

[Event "*** SCC Grand Prix: Titled Tuesday Blitz"]
[Site "Chess.com"]
[Date "2020.10.13"]
[Round "5"]
[White "JoakimVonAnd"]
[Black "xamax2000"]
[Result "0-1"]
[WhiteElo "2489"]
[BlackElo "2676"]
[TimeControl "180+1"]
[EndTime "10:55:50 PDT"]
[Termination "xamax2000 won by resignation"]

1. d4 d5 2. Bf4 c5 3. e3 cxd4 4. exd4 Nc6 5. c3 f6 6. Nf3 g5 7. Bg3 h5 8. h4 g4 9. Nfd2 Nh6 10.
Bd3 Nf5 11. Bf4 e5 12. dxe5 fxe5 13. Bg5 Qb6 14. Qb3 Bc5 15. Rf1 e4 16. Qxd5 exd3 17. Ne4 Be7 18. Nbd2 Rf8 19. Nc4 Qd8 20. Qb5 a6 21.
Qb3 Be6 22. Qxb7 Bd5 23. Bxe7 Ncxe7 24. Qb4 Bxe4 25. a4 Rb8 26. Qa3 Qd5 27. Ne3 Nxe3 28. fxe3 d2+ 0-1

[Event "*** SCC Grand Prix: Titled Tuesday Blitz"]
[Site "Chess.com"]
[Date "2020.10.13"]
[Round "5"]
[White "Khnykin_Nikolay"]
[Black "AsaHoffmann"]
[Result "0-1"]
[WhiteElo "2049"]
[BlackElo "2332"]
[TimeControl "180+1"]
[EndTime "10:55:50 PDT"]
[Termination "AsaHoffmann won on time"]

1. e4 d6 2. d4 Nf6 3. Nc3 c6 4. Bc4 d5 5. exd5 cxd5 6. Bd3 Nc6 7. Nf3 Bg4 8. Bb5 e6 9. O-O Bd6 10. Bg5 Qc7 11. h3 Bh5 12. a4 Ne4 13. Re1 f5 14. Bc1 O-O 15. Bd3 Bxf3 16. gxf3 Nxc3 17. bxc3 Rae8 18.
Kh1 Bf4 19. Rg1 Rf6 20. Qe2 Rh6 21. Rg3 Bxg3 22. Bxh6 Bf4 23. Bxf4 Qxf4 24. Rg1 a6 25. Rg3 h5 26. Rg6 Kf7 27. Rg2 g5 28. Kg1 Kf6 29.
Bxa6 bxa6 30. Qxa6 Qc7 31. Qd3 Rb8 32. Qd1 Qf4 33. Qe1 Na5 0-1

[Event "*** SCC Grand Prix: Titled Tuesday Blitz"]
[Site "Chess.com"]
[Date "2020.10.13"]
[Round "5"]
[White "ajedrezhoy"]
[Black "Brave_spirit12"]
[Result "0-1"]
[WhiteElo "2244"]
[BlackElo "2487"]
[TimeControl "180+1"]
[EndTime "10:55:51 PDT"]
[Termination "Brave_spirit12 won on time"]

1. d4 Nf6 2. Nf3 c5 3. e3 g6 4. dxc5 Bg7 5. Nbd2 O-O 6. a3 Qc7 7. Be2 Qxc5 8. b4 Qc7 9. Bb2 d5 10. O-O Bf5 11. c4 dxc4 12. Bxc4 Nbd7 13. Rc1 Qd6 14.
Nb3 Rac8 15. Qxd6 exd6 16. Nbd4 Be4 17. Ng5 Bd5 18. Bxd5 Nxd5 19. Ne4 Be5 20. Ba1 f5 21. Ng5 N7b6 22. Nge6 Rfe8 23. Ng5 Nc4 24. Nb5 a6 25. Bxe5 axb5 26. Bd4 Nxa3 27. Ra1 Nc2 28. Ra7 Nxd4 29. exd4 Re7 30. h4 h6 31. Nf3 Nxb4 32. Rb1 Rc4 0-1

[Event "*** SCC Grand Prix: Titled Tuesday Blitz"]
[Site "Chess.com"]
[Date "2020.10.13"]
[Round "5"]
[White "Superfelix"]
[Black "deribas12345"]
[Result "1-0"]
[WhiteElo "2490"]
[BlackElo "2683"]
[TimeControl "180+1"]
[EndTime "10:55:52 PDT"]
[Termination "Superfelix won by resignation"]

1. e4 c5 2. Nf3 d6 3. d4 cxd4 4. Nxd4 Nf6 5. f3 e5 6. Bb5+ Nbd7 7. Nf5 a6 8. Bxd7+ Qxd7 9. Bg5 Qc6 10. Ne3 Be7 11. Nc3 O-O 12. Bxf6 Bxf6 13. Ned5 Bg5 14. h4 Bd8 15. a4 f5 16. Qd3 Be6 17. O-O-O Kh8 18. Nb4 fxe4 19. fxe4 Qe8 20. Qxd6 b5 21. Rhf1 Rxf1 22. Rxf1 Bxh4 23. Qxe5 bxa4 24. Nbd5 a3 25.
bxa3 h6 26. Nc7 Bg5+ 27. Qxg5 hxg5 28. Nxe8 Rxe8 29. Rh1+ Kg8 30. Rh5 Rc8 31. Kd2 Rc5 32. Nd5 Ra5 33. Rxg5 Rxa3 34. Nc7 Bf7 35. e5 Bc4 36. e6 Kf8 37. Rf5+ Ke7 38. Rf7+ Kd6 39. Rd7+ Kc6 40. Rxg7 Ra5 41. e7 Re5 42. e8=Q+ 1-0

[Event "*** SCC Grand Prix: Titled Tuesday Blitz"]
[Site "Chess.com"]
[Date "2020.10.13"]
[Round "5"]
[White "davidkalashian"]
[Black "Gabrielian_Artur"]
[Result "0-1"]
[WhiteElo "2571"]
[BlackElo "2789"]
[TimeControl "180+1"]
[EndTime "10:55:52 PDT"]
[Termination "Gabrielian_Artur won on time"]

1. d4 Nf6 2. c4 c5 3. Nf3 e6 4. g3 cxd4 5. Nxd4 d5 6. Bg2 e5 7.
Nf3 d4 8. O-O Nc6 9. e3 Be7 10.
exd4 exd4 11. a3 a5 12. b3 O-O 13. Bb2 Bc5 14. Qd3 Bg4 15. Nbd2 Bh5 16. Nh4 Re8 17. Rfe1 Qd7 18. Ne4 Nxe4 19. Bxe4 Ne5 20. Qd2 a4 21. b4 Bf8 22. Bd5 Rad8 23. f4 Ng6 24. Nxg6 hxg6 25.
Qxd4 b5 26. Rxe8 Qxe8 27. Rc1 bxc4 28. Qxc4 Qe3+ 29. Kg2 Rxd5 30. Qxd5 Qe2+ 31. Kg1 Bf3 0-1

[Event "*** SCC Grand Prix: Titled Tuesday Blitz"]
[Site "Chess.com"]
[Date "2020.10.13"]
[Round "5"]
[White "TheMagnet"]
[Black "ExtremeLearner"]
[Result "1-0"]
[WhiteElo "2598"]
[BlackElo "2408"]
[TimeControl "180+1"]
[EndTime "10:55:53 PDT"]
[Termination "TheMagnet won by checkmate"]

1. d4 Nf6 2. c4 g6 3. Nc3 Bg7 4. e4 d6 5. f4 Na6 6. Nf3 O-O 7. Be2 c5 8. d5 Nc7 9. O-O h5 10. e5 Ng4 11. h3 Nh6 12. Be3 a6 13. a4 Rb8 14. Qd2 Nf5 15. Bf2 b5 16. axb5 axb5 17. cxb5 Bb7 18. Bc4 Na8 19. e6 fxe6 20. Ng5 Bc8 21.
dxe6 Nb6 22. Bd5 Nxd5 23. Qxd5 Bb7 24. Qd3 d5 25. Bxc5 d4 26. Nce4 Ne3 27. Rf3 Nf5 28. Rd1 Bd5 29. g4 hxg4 30. hxg4 Ne3 31. Rxe3 Bxe4 32.
Qxe4 Rxb5 33. Qxg6 Rxc5 34. Qh7# 1-0